 Dungeon Crawl Stone Soup version 0.27-a0-1101-ge311f74bc8 (webtiles) character file.

Game seed: 4431488130833107641

272 tardwrangler69 the Chopper (level 6, 0/52 HPs)
             Began as a Palentonga Fighter on Apr 28, 2021.
             Killed by nerve-wracking pain
             ... invoked by an orc priest
              (13 damage)
             ... on level 4 of the Dungeon.
             The game lasted 00:04:50 (3145 turns).

tardwrangler69 the Chopper (Palentonga Fighter)     Turns: 3145, Time: 00:04:50

Health: 0/52       AC: 14    Str: 21    XL:     6   Next: 2%
Magic:  6/6        EV:  5    Int:  9    God:
Gold:   230        SH:  8    Dex:  9    Spells: 5/5 levels left

rFire    . . .     SeeInvis +   a - +0 war axe
rCold    . . .     Faith    .   c - +0 kite shield
rNeg     . . .     Spirit   .   b - +0 scale mail
rPois    .         Reflect  .   (no helmet)
rElec    .         Harm     .   (no cloak)
rCorr    .         Rampage  .   (no gloves)
Will     .....                  (no barding)
Stlth    ..........             (no amulet)
HPRegen  0.17/turn              e - +4 ring of protection
MPRegen  0.10/turn              h - +4 ring of protection

@: no status effects
A: large, rugged brown scales 3, see invisible, deformed body, roll 1, armoured
tail
a: Rolling Charge


You were on level 4 of the Dungeon.
You visited 1 branch of the dungeon, and saw 4 of its levels.

You collected 230 gold pieces.

Inventory:

Hand Weapons
 a - a +0 war axe (weapon)
 u - the +7 dagger of Sequestration {vamp, rF++}
   (You found it on level 4 of the Dungeon)

   It inflicts no extra harm, but heals its wielder when it wounds a living foe.
   It greatly protects you from fire.
Armour
 b - a +0 scale mail (worn)
 c - a +0 kite shield (worn)
Jewellery
 e - a +4 ring of protection (left hand)
 h - a +4 ring of protection (right hand)
Scrolls
 i - a scroll of amnesia {unknown}
 k - a scroll of summoning {unknown}
 n - 4 scrolls of enchant weapon {unknown}
 o - a scroll of enchant armour {unknown}
 p - a scroll of magic mapping {unknown}
 q - 2 scrolls of fog {unknown}
 v - a scroll of teleportation {unknown}
Potions
 d - 2 potions of might
 f - a potion of invisibility {unknown}
 g - a potion of brilliance {unknown}
 j - 2 potions of magic {unknown}
 l - a potion of lignification {unknown}
 m - a potion of ambrosia {unknown}
 r - 2 potions of flight {unknown}
 s - a potion of degeneration {unknown}
 t - a potion of curing {unknown}


   Skills:
 + Level 4.5 Fighting
 * Level 5.3 Axes
 - Level 2.4 Armour
 - Level 2.4 Shields


You had 5 spell levels left.
You didn't know any spells.
Your spell library contained the following spells:

 Spells                   Type           Power      Damage    Failure   Level
 Corona                   Hex            0%         N/A       99%         1
 Summon Small Mammal      Summ           0%         N/A       99%         1
 Call Imp                 Summ           0%         N/A       100%        2
 Ensorcelled Hibernation  Hex/Ice        0%         N/A       100%        2
 Call Canine Familiar     Summ           0%         N/A       100%        3
 Confusing Touch          Hex            0%         N/A       100%        3
 Dazzling Flash           Conj/Hex       0%         N/A       100%        3
 Gell's Gravitas          Tloc           0%         N/A       100%        3
 Summon Guardian Golem    Hex/Summ       0%         N/A       100%        3
 Tukima's Dance           Hex            0%         N/A       100%        3
 Petrify                  Tmut/Erth      0%         N/A       100%        4
 Summon Ice Beast         Ice/Summ       0%         N/A       100%        4
 Summon Lightning Spire   Summ/Air       0%         N/A       100%        4
 Metabolic Englaciation   Hex/Ice        0%         N/A       100%        5
 Yara's Violent Unravell  Hex/Tmut       0%         3d3       100%        5


Dungeon Overview and Level Annotations

Branches:
Dungeon (4/15)
 Temple: D:4-7

Altars:
Cheibriados


Innate Abilities, Weirdness & Mutations

You are completely covered in rugged brown scales. (AC +3, +7% HP)
You have supernaturally acute eyesight. (SInv)
Armour fits poorly on your strangely shaped body.
You can roll at nearby foes to attack.
You have a long armoured tail.


Message History

The orc wizard shouts!
The orc priest mumbles some strange prayers to Beogh against you.
Beogh smites you!
The orc priest looks satisfied for a moment.
Roll where?
Press: ? - help, Dir - move target, f - orc wizard
Aim: an orc wizard, wielding a +0 dagger and wearing a +0 robe You roll forward with a clatter of scales!
You barely miss the orc wizard.
Your tail-slap misses the orc wizard.
You slash the orc!
You kill the orc!
You block the orc wizard's attack. You block the orc priest's attack.
The orc wizard hits you but does no damage.
You closely miss the orc wizard. You closely miss the orc priest.
You block the orc wizard's attack.
The orc priest hits you but does no damage.
You closely miss the orc wizard. You slash the orc priest!
The orc priest calls down the wrath of Beogh upon you.
Beogh smites you! You block the orc wizard's attack.
You are too injured to fight recklessly!
You are too injured to fight recklessly!
You barely miss the orc priest.
The orc priest is heavily wounded.
You slash the orc wizard! You block the orc priest's attack.
The orc wizard hits you with a +0 dagger.
You block the orc wizard's attack.
The orc priest calls down the wrath of Beogh upon you.
Beogh smites you!
* * * LOW HITPOINT WARNING * * *
You hit the orc priest.
The orc priest is severely wounded.
You completely miss the orc wizard. You block the orc priest's attack.
The orc wizard hits you with a +0 dagger.
* * * LOW HITPOINT WARNING * * *
You hit the orc priest.
The orc priest is almost dead.
You barely miss the orc wizard.
The orc priest invokes the aid of Beogh against you.
Pain shoots through your body!
You die...

###.....^........<..#...PP♣≈≈...#
..#.................'..PPP≈P....#
..#....[............#..PPP≈≈≈...#
..#.......###'#.....#..P≈≈P.....#
..##+######...#.....#..PP........
..............#.....#####........
..............#.....+ #........
..###....##...#.....# #........
#####....##...#.@...# #........
...[..........#.oo..# #........
..............+.....# #........
###############.....# #........
####### #########


You could see an orc priest and an orc wizard.

Vanquished Creatures
  3 hounds
  Terence (D:3)
  A hound skeleton (D:4)
  7 adders
  7 dart slugs
  3 orcs
  6 bats
  3 endoplasms (D:1)
  2 giant cockroaches
  6 goblins
  7 hobgoblins
  2 jackals (D:1)
  6 kobolds
  2 quokkas
  9 ball pythons
  4 frilled lizards
  4 rats
73 creatures vanquished.

Vanquished Creatures (others)
  2 plants (D:4)
2 creatures vanquished.

Grand Total: 75 creatures vanquished

Notes
Turn   | Place    | Note
-------+----------+-------------------------------------------
     0 | D:1      | tardwrangler69 the Palentonga Fighter began the quest for
                  | the Orb.
     0 | D:1      | Reached XP level 1. HP: 19/19 MP: 1/1
   221 | D:1      | Reached XP level 2. HP: 14/25 MP: 2/2
   760 | D:1      | Reached skill level 3 in Axes
   798 | D:1      | Found a faded altar of an unknown god.
   862 | D:1      | Reached XP level 3. HP: 31/31 MP: 3/3
  1257 | D:2      | Reached XP level 4. HP: 39/39 MP: 4/4
  1276 | D:2      | Reached skill level 4 in Axes
  1871 | D:3      | Found a snail-covered altar of Cheibriados.
  2141 | D:3      | Noticed Terence
  2146 | D:3      | Killed Terence
  2147 | D:3      | Reached XP level 5. HP: 43/44 MP: 5/5
  2746 | D:4      | Reached skill level 5 in Axes
  2846 | D:4      | Reached XP level 6. HP: 51/52 MP: 6/6
  2948 | D:4      | Identified the +7 dagger of Sequestration {vamp, rF++}
  3145 | D:4      | Killed from afar by an orc priest

Illustrated notes

Levels and vault maps discovered:
D:1:      minmay_arrival_glassed_features, layout_loops_ring,
          ebering_ecumenical_altar_petrified, minmay_tromino_v4_b
D:2:      layout_basic, minmay_misc_feat_five, minmay_misc_feat_hallway,
          serial_park_tiny_2
D:3:      minmay_bubble_buster, layout_basic, kennysheep_slug_shrine,
          minmay_misc_feat_pillars, uniq_terence
D:4:      layout_gridville, serial_bayou, serial_bayou_lake_a,
          serial_bayou_shore_b, serial_bayou_shore_a, serial_bayou_lagoon_a,
          minivault_14

Skill      XL: |  1  2  3  4  5 |
---------------+----------------+-----
Axes           | 3 4 5 |  5.3
Fighting       | 4 |  4.5
Armour         | |  2.4
Shields        | |  2.4

Action                   |  1- 3 |  4- 6 || total
-------------------------+-------+-------++-------
Melee: War axe           |    75 |   148 ||   223
       Tailslap          |    11 |     9 ||    20
 Abil: Rolling Charge    |     9 |    15 ||    24
Armor: Scale mail        |    45 |   109 ||   154
Dodge: Dodged            |    18 |    32 ||    50
Block: Kite shield       |    38 |    83 ||   121

Table legend: (Time is in decaauts)
 A = Elapsed time spent in this place.
 B = Non-inter-level travel time spent in this place.
 C = Inter-level travel time spent in this place.
 D = Time resting spent in this place.
 E = Time spent auto-exploring this place.
 F = Levels seen in this place.
 G = Mean time per level.
                   A        B        C        D        E       F      G
               +--------+--------+--------+--------+--------+-----+--------+
         Total |   3294 |   3218 |     76 |      0 |   2708 |   4 |  823.5 |
       Dungeon |   3294 |   3218 |     76 |      0 |   2708 |   4 |  823.5 |
               +--------+--------+--------+--------+--------+-----+--------+

Top non-repeatable levels by time:
     D:1: 1078 daAuts
     D:3: 966 daAuts
     D:2: 774 daAuts
     D:4: 475 daAuts
